Cogmind - Beta 17 @@@ ROGUE MODE // 2026.07.03 @ 14:56:03 Player: star Result: Self-destructed Performance ------------- Evolutions (3) 1500 Regions Visited (7) 1400 Robots Destroyed (80) 400 Value Destroyed (2831) 2831 Prototype IDs (25) 500 Alien Tech Used (0) 0 Bonus (1606) 1606 TOTAL SCORE: 8237 Bonus ------- High Alert Combat Kills 494 Follower Combat Kills 112 Entered Garrisons 200 Used RIF Installer 500 Aligned with FarCom 300 Cogmind --------- Core Integrity 700/700 Matter 300/300 Energy 265/265 System Corruption 0% Temperature Cool (0) Movement Walking (120) Location -7/Factory Parts ------- > --- POWER (1) -------- Reinforced Ion Engine > --- PROPULSION (3) --- Carbon-fiber Leg Carbon-fiber Leg Carbon-fiber Leg > --- UTILITY (5) ------ Improved Cooling System Advanced Targeting Computer System Shield Relay Coupler [Grunt] (21) Trap Reconfigurator > --- WEAPON (4) ------- Gauss Rifle Gauss Rifle > --- INVENTORY (5) ---- High-capacity Battery (250) Relay Coupler [NC] (24) Relay Coupler [Sentry] (22) Sensor Drone Bay (20/20) Rocket Launcher Peak State ------------ > --- POWER ------------ Reinforced Ion Engine > --- PROPULSION ------- Carbon-fiber Leg Carbon-fiber Leg Carbon-fiber Leg > --- UTILITY ---------- Cryofiber Web Advanced Heat Sink Large Storage Unit Advanced Visual Processing Unit Trap Reconfigurator > --- WEAPON ----------- Lightning Gun Light EM Pulse Cannon > --- INVENTORY -------- Aluminum Leg Improved Heat Sink High-capacity Battery Experimental Sensor Array Advanced Targeting Computer Light Armor Plating System Shield High-powered Tractor Beam Sensor Drone Bay Heavy Laser Rocket Launcher Rocket Launcher Datajack [Rating: 42] Favorites ----------- Power Reinforced Ion Engine Engine Reinforced Ion Engine Propulsion Aluminum Leg Leg Aluminum Leg Utility Large Storage Unit Device Cryofiber Web Storage Large Storage Unit Processor Advanced Visual Processing Unit Hackware Relay Coupler [Grunt] Protection Reactive Plating Weapon Light EM Pulse Cannon Energy Gun Lightning Gun Energy Cannon Light EM Pulse Cannon Ballistic Gun Gauss Rifle Launcher Rocket Launcher Special Melee Weapon Datajack Build | -11 -10 -10 -10 -9 -8 -8 -7 ------- Run | Yrd Mat Min Exi Min Mat Gar Fac Slots Evolved 6 | . . . . . 4 . 2 Power . | . . . . . . . . Propulsion 1 | . . . . . 1 . . Utility 3 | . . . . . 3 . . Weapon 2 | . . . . . . . 2 Parts Attached 57 | 7 6 5 . . 16 23 . Power 4 | 2 1 . . . 1 . . Engine 4 | 2 1 . . . 1 . . Core . | . . . . . . . . Reactor . | . . . . . . . . Propulsion 13 | 2 . 3 . . 1 7 . Treads . | . . . . . . . . Leg 13 | 2 . 3 . . 1 7 . Wheel . | . . . . . . . . Hover . | . . . . . . . . Flight . | . . . . . . . . Utility 19 | 1 2 1 . . 9 6 . Device 8 | . . . . . 7 1 . Storage 2 | 1 1 . . . . . . Processor 4 | . 1 1 . . . 2 . Hackware 3 | . . . . . . 3 . Protection 2 | . . . . . 2 . . Artifact . | . . . . . . . . Weapon 21 | 2 3 1 . . 5 10 . Energy Gun 6 | 1 . . . . 2 3 . Energy Cannon 4 | . 3 1 . . . . . Ballistic Gun 8 | 1 . . . . . 7 . Ballistic Cannon . | . . . . . . . . Launcher 2 | . . . . . 2 . . Special Weapon . | . . . . . . . . Impact Weapon . | . . . . . . . . Slashing Weapon . | . . . . . . . . Piercing Weapon . | . . . . . . . . Special Melee Weapon 1 | . . . . . 1 . . Unidentified Prototypes 2 | . . . . . 2 . . Corrupted Parts 2 | . . 1 . . 1 . . System Corruption 8 | . . 6 . . 2 . . Parts Lost 29 | . 1 3 . . 4 21 . Power 1 | . . . . . 1 . . Propulsion 9 | . . 2 . . . 7 . Utility 5 | . . . . . 1 4 . Weapon 14 | . 1 1 . . 2 10 . Highest Loss Streak 7 | . 1 2 . . 3 7 . To Critical Strikes . | . . . . . . . . Average Backups 8 | 1 6 9 14 15 12 6 5 Power . | . 1 . 1 1 . . . Propulsion . | . . . 1 1 . . . Utility 4 | . 1 4 6 7 6 4 4 Weapon 2 | . 2 2 4 5 3 1 1 Tool/Special . | . . . . . . . . Unused Backups 12 | . 5 . 1 . 1 2 3 Power 2 | . 2 . . . . . . Propulsion 2 | . 2 . . . . . . Utility 4 | . . . 1 . . . 3 Weapon 4 | . 1 . . . 1 2 . Tool/Special . | . . . . . . . . Average Slot Usage (%) 90 | . 95 90 72 71 94 90 84 Engine 11 | . 14 14 14 14 8 9 7 Leg 23 | . 28 19 28 28 26 21 23 Device 9 | . . . . . 15 25 15 Storage 9 | . 14 13 14 14 9 2 . Processor 10 | . 10 14 14 14 9 7 7 Hackware 2 | . . . . . . 8 15 Protection 1 | . . . . . 7 . . Energy Gun 3 | . 3 . . . 12 5 . Energy Cannon 13 | . 22 28 1 . 2 3 . Ballistic Gun 1 | . 3 . . . . 3 15 Launcher 1 | . . . . . 1 3 . Peak Build Rating 42 | 6 11 19 19 17 42 42 42 Average Rating 21 | 5 9 12 15 16 34 33 42 On Entrance 18 | . 6 11 19 16 17 40 42 Avg Prop Armor Cover (%) . | . . . . . . . . Naked Turns . | . . . . . . . . Heaviest Build 62 | 14 38 38 38 30 62 54 21 Greatest Support 45 | 20 20 30 30 30 45 45 45 Greatest Overweight (x) 5 | 3 1 5 1 . 1 1 . Average Overweight (x) . | . . 2 . . . . . Largest Inventory Capacity 15 | 8 15 15 15 15 15 15 5 Average Capacity 11 | 7 9 14 15 15 15 7 5 Most Carried 15 | 3 8 13 15 15 15 14 5 Average Carried 8 | 1 6 9 14 14 12 6 5 Final Capacity 15 | 8 15 15 15 15 15 5 5 Final Carried 15 | 3 8 13 15 15 13 5 5 Class Distribution -------------------- 85% | Mutant 14% | Scavenger-Mutant Dominant Class ---------------- Mutant | -10/Materials Mutant | -10/Mines Mutant | -10/Exiles Mutant | -9/Mines Mutant | -8/Materials Mutant | -8/Garrison Scavenger-Mutant | -7/Factory Resources | -11 -10 -10 -10 -9 -8 -8 -7 ----------- Run | Yrd Mat Min Exi Min Mat Gar Fac Matter Collected 1629 | 171 165 112 . 66 338 761 16 Remotely 295 | . . . . . 60 235 . Salvage Created 2215 | . 335 225 . . 930 725 . Parts 142 | . 22 13 . . 55 52 . Haulers Intercepted 4 | . 2 . . . 2 . . Recyclers Shooed 1 | . . . . . 1 . . Parts Field Recycled . | . . . . . . . . Retrieved Matter . | . . . . . . . . Parts Self-Destructed . | . . . . . . . . Prevented . | . . . . . . . . Parts Restored . | . . . . . . . . Kills | -11 -10 -10 -10 -9 -8 -8 -7 ------- Run | Yrd Mat Min Exi Min Mat Gar Fac Combat Hostiles Destroyed 64 | . 8 7 . . 20 29 . Guns 12 | . 1 . . . 7 4 . Cannons 18 | . 6 6 . . 2 4 . AOE 30 | . . . . . 9 21 . Classes Destroyed 14 | . 4 1 . . 4 5 . Worker 3 | . . . . . 3 . . Builder 5 | . . . . . 5 . . Hauler 4 | . 2 . . . 2 . . Recycler 1 | . . 1 . . . . . Operator 1 | . 1 . . . . . . Watcher 1 | . . . . . 1 . . Swarmer 31 | . 6 6 . . 7 12 . Cutter 2 | . . . . . . 2 . Grunt 24 | . 2 1 . . 12 9 . Brawler 1 | . . . . . . 1 . Sentry 1 | . . . . . 1 . . Specialist 2 | . . . . . . 2 . Hunter 3 | . . . . . . 3 . Programmer 1 | . . . . . . 1 . Best Kill Streak 13 | . 2 3 . . 13 9 . Combat Bots Only 9 | . 2 3 . . 7 9 . Max Kills in Single Turn 4 | . 1 1 . . 3 4 . Gunslinging . | . . . . . . . . Exploded 4 | . . . . . 3 4 . Melee . | . . . . . . . . Uniques/NPCs Destroyed . | . . . . . . . . Combat | -11 -10 -10 -10 -9 -8 -8 -7 -------- Run | Yrd Mat Min Exi Min Mat Gar Fac Hostile Shots Fired 265 | . 34 40 . . 74 117 . Missed 69 | . 11 4 . . 21 33 . Hits 196 | . 23 36 . . 53 84 . Melee 1 | . . . . . . 1 . Projectile 195 | . 23 36 . . 53 83 . AOE 1 | . . . . . . 1 . Critical Strikes 10 | . . 2 . . 4 4 . Damage Taken 2942 | . 324 330 . . 818 1449 21 Core 499 | . 41 77 . . 86 295 . Absorbed by Shields . | . . . . . . . . Ignored by Resistances 30 | . . . . . 30 . . Core Remaining (%) 60 | 100 . . . 52 . 30 . Volleys Fired 162 | . 26 25 . . 46 63 2 Largest 2 | . 2 2 . . 2 2 2 Hottest 121 | . 112 112 . . 111 121 56 Shots Fired 279 | . 47 45 . . 81 102 4 Gun 125 | . 9 . . . 57 55 4 Cannon 109 | . 38 45 . . 12 14 . Launcher 45 | . . . . . 12 33 . Special . | . . . . . . . . Kinetic 39 | . 2 . . . . 33 4 Thermal 19 | . . . . . . 19 . Explosive 45 | . . . . . 12 33 . Electromagnetic 176 | . 45 45 . . 69 17 . Robot Hit Streak 18 | . 6 10 . . 11 18 1 Robot Miss Streak 6 | . 6 3 . . 5 5 3 Penetration Max . | . . . . . . . . Secondary Targets . | . . . . . . . . Shots Hit Robots 135 | . 19 25 . . 42 48 1 Core Hits 128 | . 10 9 . . 51 58 . Critical Kills . | . . . . . . . . Critical Parts Destroyed . | . . . . . . . . Critical Strikes 1 | . . . . . . 1 . Burn 1 | . . . . . . 1 . Melee Attacks 7 | . . . . . . 7 . Impact . | . . . . . . . . Slashing . | . . . . . . . . Piercing . | . . . . . . . . Sneak Attacks . | . . . . . . . . Combat Hostiles . | . . . . . . . . Follow-up Attacks . | . . . . . . . . Damage Inflicted 5644 | . 426 517 . . 2117 2565 19 Guns 1178 | . 10 . . . 709 440 19 Cannons 1288 | . 416 514 . . 202 156 . Explosions 3120 | . . . . . 1206 1914 . Melee . | . . . . . . . . Ramming 58 | . . 3 . . . 55 . Kinetic 183 | . . . . . . 164 19 Thermal 276 | . . . . . . 276 . Explosive 3120 | . . . . . 1206 1914 . Electromagnetic 2007 | . 426 514 . . 911 156 . Impact . | . . . . . . . . Slashing . | . . . . . . . . Piercing . | . . . . . . . . Highest Corruption 7 | . 1 7 7 7 2 5 . Average Corruption 3 | . 1 5 7 7 2 3 . Corruption Purged . | . . . . . . . . Corruption Blocked . | . . . . . . . . Effects 80 | . 2 26 12 3 7 30 . Message Errors 17 | . 2 6 . . 2 7 . Matter Fused 25 | . . 6 6 1 1 11 . Heat Flow Errors 9 | . . 3 1 . . 5 . Energy Discharges 11 | . . 6 1 2 1 1 . Parts Rejected 1 | . . . . . 1 . . Data Loss (minor) 9 | . . 2 4 . 1 2 . Data Loss (major) 1 | . . . . . . 1 . Misfires 3 | . . 1 . . 1 1 . Alerts 2 | . . 1 . . . 1 . Weapon Failures 2 | . . 1 . . . 1 . Overload Shots . | . . . . . . . . Overflow Damage 77 | . . . . . 26 51 . Projectiles . | . . . . . . . . Explosions 77 | . . . . . 26 51 . Melee . | . . . . . . . . Knockbacks . | . . . . . . . . Impact . | . . . . . . . . Kinetic . | . . . . . . . . Secondary . | . . . . . . . . Self-Inflicted Damage 329 | . . . . . 135 194 . Shots 12 | . . . . . 6 6 . Rammed . | . . . . . . . . Targets Rammed 30 | . . 2 . . . 28 . Kicked 30 | . . 2 . . . 28 . Crushed . | . . . . . . . . Highest Temperature 332 | . 252 332 195 . 114 203 . Average Temperature 119 | . 82 156 174 . 48 68 . Received Heat Transfer 759 | . 30 45 . . 387 297 . Effects 6 | . . 6 . . . . . Energy Bleed 1 | . . 1 . . . . . Interference 3 | . . 3 . . . . . Damage (minor) 2 | . . 2 . . . . . Siege Activations . | . . . . . . . . Martial Activations . | . . . . . . . . Shielding Activations . | . . . . . . . . Robots Disrupted . | . . . . . . . . Combat Hostiles . | . . . . . . . . Robots Corrupted 4 | . 1 1 . . 2 . . Combat Hostiles 4 | . 1 1 . . 2 . . Parts Fried 15 | . 5 6 . . 4 . . Impact Corruptions . | . . . . . . . . Robots Melted . | . . . . . . . . Combat Hostiles . | . . . . . . . . Parts Melted 1 | . . . . . . 1 . Heat Transferred 555 | . . . . . . 555 . Parts Sabotaged . | . . . . . . . . Parts Stolen . | . . . . . . . . Parts Stripped . | . . . . . . . . Power Chain Reactions . | . . . . . . . . Alert | -11 -10 -10 -10 -9 -8 -8 -7 ------- Run | Yrd Mat Min Exi Min Mat Gar Fac Maximum Alert Level 4 | . . . . . 2 4 3 Low Security (%) 63 | 100 100 100 . 100 60 . . Level 1 3 | . . . . . 9 7 . Level 2 7 | . . . . . 29 12 . Level 3 18 | . . . . . . 55 100 Level 4 7 | . . . . . . 24 . Level 5 . | . . . . . . . . High Security . | . . . . . . . . Max Security . | . . . . . . . . Peak Influence 1360 | . 95 135 . . 527 1360 714 Initial 714 | . . . . . . 345 714 Average 326 | . 25 21 . . 171 924 706 Influence Increases 2496 | . 284 235 . . 746 1225 6 Destroy 0b10 Robot/C 1360 | . 160 140 . . 400 660 . Destroy 0b10 Robot/NC 85 | . 15 5 . . 55 5 5 Destroy Leader 170 | . 34 30 . . 66 40 . Allied During Kill 8 | . . . . . . 8 . Successful Hack 20 | . . . . . 4 16 . Disable Machine 150 | . 30 . . . 45 75 . Anti-Garrison Action 300 | . . . . . . 300 . Destroy Structure 163 | . . . . . 71 91 1 Lose Combat Pursuer 240 | . 45 60 . . 105 30 . Influence Decreases 1806 | . 284 235 . . 215 396 676 Entered New Map 832 | . . . . . . 186 646 Time Decay 684 | . 274 205 . . 175 . 30 Lost Part 290 | . 10 30 . . 40 210 . Squads Dispatched 5 | . . 1 . . 3 . 1 Investigation 1 | . . 1 . . . . . Extermination . | . . . . . . . . Reinforcement 3 | . . . . . 2 . 1 Assault . | . . . . . . . . Garrison 1 | . . . . . 1 . . Intercept . | . . . . . . . . Searches Triggered . | . . . . . . . . Construction Impeded . | . . . . . . . . Haulers Reinforced . | . . . . . . . . Active Scanning Responses . | . . . . . . . . Cargo Convoy Interrupts . | . . . . . . . . Stealth | -11 -10 -10 -10 -9 -8 -8 -7 --------- Run | Yrd Mat Min Exi Min Mat Gar Fac Distress Signals 7 | . 1 . . . 6 . . Communications Jammed . | . . . . . . . . Distress Signals . | . . . . . . . . Times Spotted 106 | . 25 10 . . 40 30 1 Peak Tracking Total 10 | . 7 3 . . 10 5 1 Tactical Retreats 12 | . 2 3 . . 5 2 . Traps | -11 -10 -10 -10 -9 -8 -8 -7 ------- Run | Yrd Mat Min Exi Min Mat Gar Fac Traps Triggered 9 | . 3 . . . . 6 . Indirectly . | . . . . . . . . Trap Hack Attempts . | . . . . . . . . Triggered . | . . . . . . . . Disarmed . | . . . . . . . . Reprogrammed . | . . . . . . . . Reused . | . . . . . . . . Traps Reconfigurated 12 | . . . . . 2 10 . Traps Extracted . | . . . . . . . . Installed . | . . . . . . . . Triggered . | . . . . . . . . Machines | -11 -10 -10 -10 -9 -8 -8 -7 ---------- Run | Yrd Mat Min Exi Min Mat Gar Fac Machines Disabled 14 | . 2 . . . 3 9 . Max in Single Turn 2 | . 1 . . . 2 2 . Garrison Relay 4 | . . . . . . 4 . Machines Repaired . | . . . . . . . . Machines Dismantled . | . . . . . . . . Machines Sabotaged . | . . . . . . . . Overloaded Fab Kills . | . . . . . . . . Hacking | -11 -10 -10 -10 -9 -8 -8 -7 --------- Run | Yrd Mat Min Exi Min Mat Gar Fac Machines Accessed 9 | . 1 1 3 1 1 2 . Terminals 2 | . . . . . . 2 . Fabricators . | . . . . . . . . Repair Stations . | . . . . . . . . Recycling Units 1 | . 1 . . . . . . Scanalyzers . | . . . . . . . . Garrison Access 1 | . . . . . 1 . . Total Hacks 18 | . 1 1 9 1 1 5 . Successful 15 | . 1 1 9 1 1 2 . Failed 3 | . . . . . . 3 . Catastrophic . | . . . . . . . . Database Lockouts . | . . . . . . . . Manual 1 | . . . 1 . . . . Terminals 5 | . . . . . . 5 . Fabricators . | . . . . . . . . Repair Stations . | . . . . . . . . Recycling Units 1 | . 1 . . . . . . Scanalyzers . | . . . . . . . . Garrison Access 1 | . . . . . 1 . . Terminal Hacks 13 | . . 1 9 1 . 2 . Record 8 | . . . 8 . . . . Open Door 2 | . . 1 . 1 . . . Patrol Navigation 1 | . . . . . . 1 . Security Stations 1 | . . . . . . 1 . Proto ID Catalog 1 | . . . 1 . . . . Fabricator Hacks . | . . . . . . . . Repair Station Hacks . | . . . . . . . . Recycling Unit Hacks 1 | . 1 . . . . . . Report Inventory 1 | . 1 . . . . . . Scanalyzer . | . . . . . . . . Garrison Access Hacks 1 | . . . . . 1 . . Unlock Access 1 | . . . . . 1 . . Unauthorized Hacks . | . . . . . . . . Terminals . | . . . . . . . . Fabricators . | . . . . . . . . Repair Stations . | . . . . . . . . Recycling Units . | . . . . . . . . Scanalyzers . | . . . . . . . . Garrison Access . | . . . . . . . . Data Cores Recovered 1 | . 1 . . . . . . Used . | . . . . . . . . Hacking Detections 3 | . . . . . 1 2 . Full Trace Events . | . . . . . . . . Feedback Events . | . . . . . . . . Feedback Blocked . | . . . . . . . . Robot Schematics Acquired . | . . . . . . . . Robots Built . | . . . . . . . . Authchips . | . . . . . . . . Time . | . . . . . . . . Total Robot Build Rating . | . . . . . . . . Part Schematics Acquired . | . . . . . . . . Parts Built . | . . . . . . . . Authchips . | . . . . . . . . Time . | . . . . . . . . Total Part Build Rating . | . . . . . . . . Part Studies Acquired . | . . . . . . . . Parts Repaired . | . . . . . . . . Time . | . . . . . . . . Parts Recycled . | . . . . . . . . Recycled Matter . | . . . . . . . . Retrieved Matter . | . . . . . . . . Retrieved Components . | . . . . . . . . Parts Scanalyzed . | . . . . . . . . Part Schematics Acquired . | . . . . . . . . Parts Damaged . | . . . . . . . . Bothacking | -11 -10 -10 -10 -9 -8 -8 -7 ------------ Run | Yrd Mat Min Exi Min Mat Gar Fac Used RIF Installer 1 | . . . . . . 1 . Robots Hacked 3 | . . . . . . 3 . Non-combat . | . . . . . . . . Combat 3 | . . . . . . 3 . Robot Hacks Applied 3 | . . . . . . 3 . disable_weapons 2 | . . . . . . 2 . formatsys_high 1 | . . . . . . 1 . Relay Couplers Released 22 | . . . . . . 22 . Machine Destruction 19 | . . . . . . 19 . Programmers 3 | . . . . . . 3 . Attached 2 | . . . . . . 2 . Fabnet Peak Effective % . | . . . . . . . . Robots Rewired 2 | . . . . . . 2 . Allies Hacked . | . . . . . . . . Hacks Repelled . | . . . . . . . . Allies | -11 -10 -10 -10 -9 -8 -8 -7 -------- Run | Yrd Mat Min Exi Min Mat Gar Fac Total Allies 3 | . . . . . . 3 . Largest Group 2 | . . . . . . 2 1 Highest-Rated Group 42 | . . . . . . 42 21 Highest-Rated Ally 21 | . . . . . . 21 21 Total Orders 2 | . . . . . 2 . . RETURN 2 | . . . . . 2 . . Ally Attacks 24 | . . . . . . 23 1 Total Damage 357 | . . . . . . 301 56 Kills 6 | . . . . . . 5 1 Allies Corrupted . | . . . . . . . . Allies Melted . | . . . . . . . . Intel | -11 -10 -10 -10 -9 -8 -8 -7 ------- Run | Yrd Mat Min Exi Min Mat Gar Fac Active Infowar (turns) 2254 | . . 257 322 100 614 961 . Optics 2254 | . . 257 322 100 614 961 . Sensors 1 | . . . . . 1 . . Robot Analysis Total . | . . . . . . . . Derelict Logs Recovered 2 | . . 1 . 1 . . . Drone Launches 2 | . . . . . 2 . . Drone Recoveries 2 | . . . . . 2 . . Exploration | -11 -10 -10 -10 -9 -8 -8 -7 ------------- Run | Yrd Mat Min Exi Min Mat Gar Fac Turns Passed 5090 | 64 1108 1362 322 100 614 1460 60 Spaces Moved 2569 | 44 538 467 264 83 251 877 45 Core 16 | 10 . 6 . . . . . Treads . | . . . . . . . . Legs 2553 | 34 538 461 264 83 251 877 45 Wheels . | . . . . . . . . Hover . | . . . . . . . . Flight . | . . . . . . . . Fastest Speed 50 | 50 120 190 120 120 120 120 120 Average Speed 162 | 119 174 258 120 120 157 126 120 Slowest Speed 330 | 200 190 330 190 120 190 190 120 Overloaded Moves . | . . . . . . . . Propulsion Burnouts . | . . . . . . . . Robots Hopped . | . . . . . . . . Potential Cave-ins . | . . . . . . . . Cave-ins Triggered . | . . . . . . . . Exploration Rate (%) 47 | 4 86 85 65 27 34 78 2 Regions Visited 7 Branch Regions 3 Pre-discovered Areas 3 | . . 1 1 1 . . . Known Exits Taken 2 | . 1 . . . 1 . . Unknown Exits Taken 4 | 1 . 1 1 1 . . . Scrap Searched 1 | . . 1 . . . . . Spaces Dug . | . . . . . . . . Terrain Destroyed 174 | . . . . . 80 94 . Melee . | . . . . . . . . Projectile . | . . . . . . . . AOE 174 | . . . . . 80 94 . Terrain Rammed . | . . . . . . . . Walls Destroyed . | . . . . . . . . Machines Disabled . | . . . . . . . . Actions | -11 -10 -10 -10 -9 -8 -8 -7 --------- Run | Yrd Mat Min Exi Min Mat Gar Fac Total 3180 | 52 662 572 270 84 384 1109 47 Wait 198 | . 75 58 1 . 48 16 . Move 2563 | 43 537 466 263 82 251 876 45 Hop . | . . . . . . . . Pick Up 49 | 2 11 10 2 1 8 15 . Fast Attach 33 | 6 1 3 . . 3 20 . Attach 21 | . 1 3 . . 10 7 . Detach 7 | . . 2 2 . 2 1 . Swap 33 | 1 4 2 . . 13 13 . Drop 26 | . 7 1 2 1 3 12 . Fire 162 | . 26 25 . . 46 63 2 Melee 7 | . . . . . . 7 . Ram . | . . . . . . . . Kick 30 | . . 2 . . . 28 . Crush . | . . . . . . . . Escape Stasis 23 | . . . . . . 23 . Rewire 28 | . . . . . . 28 . Trap . | . . . . . . . . Miscellaneous . | . . . . . . . . Route ------- -11/Scrapyard -10/Materials (discovered 4 exits: *Mat x3 / *Min) -10/Mines (discovered 4 exits: *Mat x2 / *Exi / [*Sub]) -10/Exiles (discovered 2 exits: *Min x2) -9/Mines -8/Materials (discovered 2 exits: [*Fac] / Gar) -8/Garrison (discovered 2 exits: [*Fac x2]) -7/Factory History --------- Turn | Location | Event 23 | -11/Scrapyard | Discovered new exit (range 16) 65 | -11/Scrapyard | Entered Materials 150 | -10/Materials | Discovered new exit (range 16) 318 | -10/Materials | Build established: Mutant 534 | -10/Materials | Discovered new exit (range 8) 545 | -10/Materials | Identified exit to Materials 758 | -10/Materials | Discovered exit to Materials (range 15) 1145 | -10/Materials | Discovered new exit (range 15) 1171 | -10/Materials | Identified exit to Mines 1173 | -10/Materials | Entered Mines 1305 | -10/Mines | Found a damaged Exp. Sensor Array with a note attached 1308 | -10/Mines | Found Prototype Device 1344 | -10/Mines | Met a Derelict bent on vengeance 1541 | -10/Mines | Received a Rocket Launcher from a helpful Derelict 1677 | -10/Mines | Learned location of Mines (-9) 1826 | -10/Mines | Discovered exit to Materials (range 5) 2001 | -10/Mines | Discovered exit to Materials (range 12) 2239 | -10/Mines | Met a Derelict shopkeep closing up shop 2431 | -10/Mines | Discovered new exit (range 11) 2526 | -10/Mines | Deemed a non-threat by the Exiles lab entrance 2526 | -10/Mines | Discovered new exit (range 5) 2535 | -10/Mines | Entered Exiles 2555 | -10/Exiles | Discovered new exit (range 18) 2569 | -10/Exiles | Met 8R-AWN 2588 | -10/Exiles | Met EX-HEX 2624 | -10/Exiles | Met EX-BIN 2645 | -10/Exiles | Aligned with FarCom system 2646 | -10/Exiles | Given EX-Vault access code 2685 | -10/Exiles | Opened EX-Vault 2697 | -10/Exiles | Found Trap Reconfigurator 2767 | -10/Exiles | Warned to stay clear of 0b10 Research branches 2799 | -10/Exiles | Met EX-DEC 2809 | -10/Exiles | Learned location of Zion (-7) 2844 | -10/Exiles | Discovered new exit (range 12) 2857 | -10/Exiles | Left Exiles lab with Trap Reconfigurator 2857 | -10/Exiles | Entered Mines 2917 | -9/Mines | Found the Drone Emporium 2923 | -9/Mines | Found Prototype Device 2939 | -9/Mines | Discovered new exit (range 8) 2957 | -9/Mines | Entered Materials 2957 | -8/Materials | Evolved 4 slots: Propulsion x1, Utility x3 2963 | -8/Materials | Identified Sensor Drone Bay 2965 | -8/Materials | Identified Exp. Sensor Array 3319 | -8/Materials | Discovered new exit (range 19) 3385 | -8/Materials | Destroyed 7 combat bots 3418 | -8/Materials | Lost 3 parts (1p1u1w) 3543 | -8/Materials | Garrison activated, responded to threat 3571 | -8/Materials | Identified exit to Garrison 3571 | -8/Materials | Entered Garrison 3623 | -8/Garrison | Triggered checkpoint 3678 | -8/Garrison | Garrison Relay disabled 3709 | -8/Garrison | Learned Factory security intel 3777 | -8/Garrison | Triggered checkpoint 3855 | -8/Garrison | Triggered checkpoint 3876 | -8/Garrison | Triggered checkpoint 3889 | -8/Garrison | Triggered checkpoint 3913 | -8/Garrison | Destroyed 9 combat bots 4001 | -8/Garrison | Lost 3 parts (2n1u) 4008 | -8/Garrison | Installed Relay Interface Framework 4160 | -8/Garrison | Lost 3 parts (1n1u1w) 4335 | -8/Garrison | Triggered checkpoint 4479 | -8/Garrison | Discovered new exit (range 8) 4598 | -8/Garrison | Discovered new exit (range 10) 4625 | -8/Garrison | Triggered checkpoint 4662 | -8/Garrison | Garrison Relay disabled 4665 | -8/Garrison | Triggered checkpoint 4695 | -8/Garrison | Core integrity fell below 50% 4744 | -8/Garrison | Lost 7 parts (1n1u5w) 4905 | -8/Garrison | Triggered checkpoint 4945 | -8/Garrison | Lost 3 parts (2n1w) 4982 | -8/Garrison | Garrison Relay disabled 4990 | -8/Garrison | Garrison Relay disabled 5031 | -8/Garrison | Entered Factory 5031 | -7/Factory | Accompanied by 1 ally 5031 | -7/Factory | Evolved 2 slots: Weapon x2 5091 | -7/Factory | Self-destructed Last Messages --------------- 05031_ Attempting to access garrison exit controls... RIF authorized. PARAMETERS=WEAPON+2 LOCATION=UNKNOWN GOAL=ESCAPE Referencing patrol navigation protocols. 05031_ Receiving FarCom transmissions... Loading Factory security intel (x11)... 05060_ O-24 Administrator: "IFF HANDSHAKE FAILED. SECURING TERMINAL." 05061_ ALERT: All DSF locations entering lockdown mode. 05061_ Slug penetrates T-07 Excavator. 05061_ T-07 Excavator destroyed. 05061_ K-01 Serf collects debris. 05063_ Slug penetrates O-24 Administrator. 05066_ ALERT: Hostiles spotted, dispatching reinforcements to Terminal F014. 05067_ K-01 Serf collects debris. 05069_ Acquired 16 matter. 05086_ K-01 Serf collects debris. Map ----- +----------------------------------------------------+ | ????????????????????????????????????????????? | | ????????????????????????????????????????????? | | ????????????????????????????????????????????? | | ????????????????????????????????????????????? | | ????????????????????????????????????????????? | | ????????????????????????????????????????????? | | ????????????????????????????????????????????? | | ????????????????????????????????????????????? | | ????????????????????????????????????????????? | | ????????????????????????????????????????????? | | ????????????????????????????????????????????? | | ????????????????????????????????????????????? | | ?????????????????????g?????? ????????????? | | ???????????????????????????? #??????????? | | ???????????????????????????# #??????????? | | ?????????????????????g?????# #??????????? | | ?????????????????????g?????# #??????????? | | ??????????????????????b????# #??????????? | | ???????????????????????????# #??????????? | | ???????????????????????????# #??????????? | | ???????????????????????????+ #??????????? | | ???????????????????????????# #??????????? | | ???????????????????????????# #???#??????? | | ?????????????????########### #??"""?????? | | ?????????????????# # #? ""??????? | | ?????????????????# """ !@ # # ???????? | | ?????????????????# """ ! h# # ????????? | | ?????????????????# """ ; + ?????????? | | ?????????????????# # #??????????? | | ?????????????????# # #??????????? | | ?????????????????#] # k #??????????? | | ?????????????????# # #??????????? | | ???????????################# #??????????? | | ?????????? |% #??????????? | | ?????????? ! #??????????? | | ?????????? #??????????? | | ?????????? #??????????? | | ?????????? ###????????? | | ??????????? #????????? | | ??????????? #????????? | | ????????????####### T####### #????????? | | ??????????????????###??????# #????????? | | ???????????????????????????# #????????? | | ??????????????????????????#####+#####???????? | | ??????????????????????????# #???????? | | ??????????????????????????# "" #???????? | | ??????????????????????????# "" ""#???????? | | ??????????????????????????# """ ! ""#???????? | | ??????????????????????????# """ Y"#???????? | | ??????????????????????????# """ ""#???????? | +----------------------------------------------------+ Best States ------------- Heat Dissipation 77 Energy Generation 12 Energy Capacity 265 Matter Stores 300 Matter Capacity 300 Sight Range 20 Terrain Scan Density 10 Base Temperature (-) 100 Armor Coverage 150 Resistance: KI 20 Evasion (%) 55 Targeting Accuracy 8 Defensive Hacking 10 Relay Coupler Types 1 Relay Coupler Value 21 Item Schematics ----------------- None Robot Schematics ------------------ None Fabricated ------------ Nothing Repaired ---------- Nothing Studied --------- None Alien Tech Used ----------------- None Achievements -------------- None Challenges ------------ None Game ------ Seed AlphaControlPod Manual? 0 Play Time 00:31:53 Cumulative 221.3 hours Start 2026.07.02 @ 23:06:32 End 2026.07.03 @ 14:56:03 Sessions 1 Manual Loads 0 Difficulty Rogue Special Mode None Game No. 369 Rogue 369 Adventurer 0 Explorer 0 Win Type - Total 2 Types 2/0/0/0/0/0/0/0/0/0 Lore% 66 Gallery% 61 Achievement% 49 Wizard Run 0 Options --------- Layout 2 ASCII 0 Keyboard 1 Movement Numpad Keybinds 0 Fullscreen 1 Font 20/SmallcapsGlow Map View 64x51 Zoom Use 0% Tactical HUD 1 Map Filters NONE Filters NONE Steam 1 RUN: b69d914b-ba6e-4e12-b020-ec511899cbaa